cohdb
Replays
Latest Replays
All Replays
Popular Replays
Top Player Replays
Match Explorer
How It Works
Community
CoH3 Stats
Reddit
Sign in to upload your games and track your stats! →
Sign in with Steam
Match 43769351
Unlisted
Match 43769351
Overview
Messages
Build Orders
End
Pioneer Squad
Construct Infanterie Kompanie
Grenadier Squad
Grenadier Squad
Grenadier Squad
Grenadier Squad
Construct Luftwaffe Kompanie
Construct Panzergrenadier Kompanie
251 Medium Carrier
Pak 40 Anti-tank Gun Team
Selects Mechanized Battlegroup
Selects Raid Package
Panzergrenadier Squad
Selects Raid Package
Selects StuG Assault Group
StuG Assault Group
Construct Panzer Kompanie
Pak 40 Anti-tank Gun Team
Selects UNKNOWN (2160084)
Construct Panzer Kompanie
Pioneer Squad
Selects UNKNOWN (2160084)
Selects Spotting Scopes
Selects Wespe Self-propelled Artillery
Selects Zeroing Artillery Barrage
Zeroing Artillery Barrage
Panther Heavy Tank
R4md4c
vatnik
PIGEONS ARE FBI DRONES
Bananenratte
0
0
Comments
sign in to comment!
No comments posted yet!